 Dungeon Crawl Stone Soup version 0.24.1-8-ga250c9d538 (webtiles) character file.

Game seed: 15188874208984807303, levelgen mode: deterministic

434 Peloso the Shield-Bearer (level 6, -3/48 HPs)
             Began as a Demonspawn Fighter on Apr 27, 2020.
             Slain by an ogre
             ... wielding a +0 giant club
              (8 damage)
             ... on level 5 of the Dungeon.
             The game lasted 00:06:42 (4050 turns).

Peloso the Shield-Bearer (Demonspawn Fighter)       Turns: 4050, Time: 00:06:42

Health: -3/48      AC: 14    Str: 18    XL:     6   Next: 67%
Magic:  6/6        EV:  8    Int:  9    God:
Gold:   243        SH:  9    Dex: 13    Spells: 5/5 levels left

rFire    . . .     SeeInvis .   a - +0 long sword
rCold    . . .     Gourm    .   c - +0 shield
rNeg     . . .     Faith    .   v - +0 scale mail
rPois    .         Spirit   .   n - +0 helmet
rElec    .         Reflect  .   s - +0 cloak
rCorr    .         Harm     .   p - +0 pair of gloves
MR       .....                  (no boots)
Stlth    ..........             (no amulet)
HPRegen  0.16/turn              (no ring)
MPRegen  0.10/turn              (no ring)

@: no status effects
A: iridescent scales 2, demonic guardian 1, foul stench 1, rot immunity
a: no special abilities


You were on level 5 of the Dungeon.
You were very hungry.

You visited 1 branch of the dungeon, and saw 5 of its levels.

You collected 243 gold pieces.

Inventory:

Hand Weapons
 a - a +0 long sword (weapon)
 b - a +1 dagger of electrocution
Armour
 c - a +0 shield (worn)
 n - a +0 helmet (worn)
 p - a +0 pair of gloves (worn)
 s - a +0 cloak (worn)
 v - a +0 scale mail (worn)
Scrolls
 e - 2 scrolls of remove curse {unknown}
 g - 3 scrolls of blinking {unknown}
 h - 7 scrolls of identify {unknown}
 i - a scroll of teleportation {unknown}
 j - a scroll of fog {unknown}
 q - 2 scrolls of magic mapping {unknown}
 r - a scroll of amnesia {unknown}
Potions
 d - 2 potions of might
 k - 2 potions of curing {unknown}
 l - a potion of haste
 m - a potion of heal wounds {unknown}
 o - a potion of brilliance {unknown}
 t - a potion of invisibility {unknown}
Comestibles
 f - 10 rations


   Skills:
 + Level 3.7 Fighting
 + Level 3.6 Long Blades
 + Level 3.8 Armour
 + Level 2.3 Dodging
 + Level 0.4 Stealth
 + Level 4.0 Shields


You had 5 spell levels left.
You didn't know any spells.
Your spell library was empty.

Dungeon Overview and Level Annotations

Branches:
Dungeon (5/15)
 Temple: D:4-7

Altars:
Fedhas
Sif Muna
Trog
Yredelemnul
The Shining One


Innate Abilities, Weirdness & Mutations

You are mostly covered in iridescent scales. (AC +4)
A weak demonic guardian rushes to your aid.
You may emit foul miasma when damaged in melee.
You are immune to rotting.


Message History

Your iron imp dies!
You slash the ogre!
The ogre is moderately wounded.
You block the ogre's attack.
Your scale mail prevents you from hitting the ogre.
The ogre is moderately wounded.
The ogre hits you with a +0 giant club!!
Ouch! That really hurt!
* * * LOW HITPOINT WARNING * * *
Your scale mail prevents you from hitting the ogre.
The ogre is moderately wounded.
The ogre barely misses you.
You slash the ogre!
The ogre is severely wounded.
The ogre hits you but does no damage.
The ogre looks sick.
Okay, then.
You hit the ogre.
The ogre is almost dead.
The ogre hits you with a +0 giant club!
You die...

#.##. ### .#
#.#..# #.. .#
##....#
#.###.#### ...^.#
#........$ #...#
#......... #..#
#.........
#..####.$.......
#...)รท..@O.$....
##.#####........
#.#####.##
#....?...
#........#
#........
...####>.#
#........ #..#
#........ ####..#
#........ #<....#
#........ ####.##


You could see an ogre.

Vanquished Creatures
  A scorpion (D:4)
  2 bullfrog skeletons (D:5)
  A centaur zombie (D:5)
  An iguana (D:5)
  An orc wizard (D:4)
  2 hound skeletons
  Robin (D:2)
  5 gnolls
  An adder (D:2)
  2 oozes
  2 dart slugs (D:1)
  5 orcs
  3 ball pythons
  2 giant cockroaches
  12 goblins
  5 hobgoblins
  6 kobolds
  A quokka (D:2)
  A ball python skeleton (D:4)
  5 bats
  4 frilled lizards
  2 leopard gecko skeletons (D:4)
  4 rats (D:1)
  2 bushes (D:4)
71 creatures vanquished.

Vanquished Creatures (collateral kills)
  A hound (D:4)
  An orc priest (D:4)
  A bullfrog skeleton (D:3)
  2 gnolls (D:2)
  A frilled lizard (D:5)
6 creatures vanquished.

Vanquished Creatures (others)
  A scorpion (D:5)
  A hound (D:5)
  2 iguanas (D:5)
  A worker ant (D:5)
  An adder (D:5)
6 creatures vanquished.

Grand Total: 83 creatures vanquished

Notes
Turn   | Place    | Note
-------+----------+-------------------------------------------
     0 | D:1      | Peloso the Demonspawn Fighter began the quest for the Orb.
     0 | D:1      | Reached XP level 1. HP: 18/18 MP: 1/1
   217 | D:1      | Gained mutation: You are immune to rotting. [demonic
                  | ancestry]
   217 | D:1      | Reached XP level 2. HP: 23/24 MP: 2/2
   472 | D:1      | Reached skill level 3 in Shields
   955 | D:2      | Gained mutation: A weak demonic guardian rushes to your
                  | aid. [demonic ancestry]
   955 | D:2      | Reached XP level 3. HP: 26/29 MP: 3/3
  1083 | D:2      | Reached skill level 1 in Dodging
  1083 | D:2      | Gained mutation: You are partially covered in iridescent
                  | scales. (AC +2) [demonic ancestry]
  1083 | D:2      | Reached XP level 4. HP: 19/35 MP: 4/4
  1305 | D:2      | Noticed Robin
  1319 | D:2      | Killed Robin
  1621 | D:2      | Found a bloodstained altar of Trog.
  2476 | D:3      | Gained mutation: You may emit foul miasma when damaged in
                  | melee. [demonic ancestry]
  2476 | D:3      | Reached XP level 5. HP: 41/41 MP: 5/5
  2842 | D:4      | Found a blossoming altar of Fedhas.
  2842 | D:4      | Found a glowing golden altar of the Shining One.
  2842 | D:4      | Found a basalt altar of Yredelemnul.
  3251 | D:4      | Found a shimmering blue altar of Sif Muna.
  3318 | D:4      | Gained mutation: You are mostly covered in iridescent
                  | scales. (AC +4) [demonic ancestry]
  3318 | D:4      | Reached XP level 6. HP: 42/48 MP: 6/6
  3929 | D:5      | Entered Level 5 of the Dungeon
  3939 | D:5      | Reached skill level 4 in Shields
  4050 | D:5      | Slain by an ogre

Levels and vault maps discovered:
D:1:      dpeg_arrival_rhombus, layout_loops_corners, serial_rivers,
          chequers_serial_rivers_micro_d, chequers_serial_rivers_micro_e,
          chequers_serial_rivers_room_a, chequers_serial_rivers_room_a,
          chequers_serial_rivers_room_b, chequers_serial_rivers_room_b
D:2:      layout_basic, minmay_misc_feat_ornament, chequers_garden, trog_book,
          uniq_robin
D:3:      layout_loops_ring
D:4:      layout_basic, gammafunk_temple_overflow_forgotten, lemuel_round_altar,
          serial_forest, infiniplex_forest_clump_small, infiniplex_forest_end_2,
          infiniplex_forest_zigzag_2, infiniplex_forest_end_2,
          infiniplex_forest_corner_1, infiniplex_forest_straight_4,
          infiniplex_forest_lined_4_way, first_ration
D:5:      layout_basic, xom_confusion_cloud

Skill      XL: |  1  2  3  4  5  6 |
---------------+-------------------+-----
Long Blades    | 2 3 |  3.6
Shields        | 3 4 |  4.0
Dodging        | 1 2 |  2.3
Armour         | 3 |  3.8
Fighting       | |  3.7
Stealth        | |  0.4

Action                   |  1- 3 |  4- 6 || total
-------------------------+-------+-------++-------
Melee: Long sword        |    98 |   330 ||   428
  Eat: Chunk             |       |    10 ||    10
Armor: Scale mail        |    51 |   101 ||   152
Dodge: Dodged            |    24 |    79 ||   103
Block: Shield            |    48 |    90 ||   138
       Rpst.: Long sword |     9 |    21 ||    30
